 Dungeon Crawl Stone Soup version 0.31-a0-851-g7ff8af7976 (webtiles) character file.

Game seed: 12145029803983315595

16 Kurtz the Sneak (level 2, -1/24 HPs)
             Began as a Mummy Delver on Oct 6, 2023.
             Slain by a gnoll
             ... wielding a +0 whip
              (5 damage)
             ... on level 3 of the Dungeon.
             The game lasted 00:00:30 (278 turns).

Kurtz the Sneak (Mummy Delver)                       Turns: 278, Time: 00:00:31

Health: -1/24      AC:  3    Str: 15    XL:     2   Next: 37%
Magic:  2/2        EV: 11    Int:  9    God:
Gold:   0          SH:  0    Dex: 13    Spells: 1/1 levels left

rFire   x . .        a - +0 hand axe
rCold   + . .        (no shield)
rNeg    + + +        b - +0 leather armour
rPois   ∞            (no helmet)
rElec   .            (no cloak)
rCorr   .            (no gloves)
SInv    .            (no boots)
Will    .....        (no amulet)
Stlth   ++           (no ring)
HPRegen 0.24/turn    (no ring)
MPRegen 0.08/turn

%: faith
@: no status effects
A: cold resistance 1, negative energy resistance 3, torment resistance 2, heat
vulnerability 1, in touch with death 1, no potions, faith
a: no special abilities


You were on level 3 of the Dungeon.
You visited 1 branch of the dungeon, and saw 4 of its levels.

Inventory:

Hand Weapons
 a - a +0 hand axe (weapon)
Armour
 b - a +0 leather armour (worn)
Wands
 f - a wand of digging (3)
Scrolls
 c - a scroll of fog
 d - a scroll of revelation
 e - a scroll of fear
 g - 2 scrolls of identify {unknown}


   Skills:
 - Level 3.0 Fighting
 * Level 2.5 Axes
 - Level 1.5 Dodging
 - Level 4.1 Stealth


You had one spell level left.
You didn't know any spells.
Your spell library was empty.

Dungeon Overview and Level Annotations

Branches:
Dungeon (5/15)
 Temple: D:4-7

Altars:


Innate Abilities, Weirdness & Mutations

You are immune to poison.
Your flesh is cold resistant. (rC+)
You are immune to negative energy. (rN+++)
You are immune to unholy pain and torment.
You are vulnerable to heat. (rF-)
You are in touch with the powers of death.
You do not drink.
You have a special connection with the divine. (Faith)


Message History

The rat bites you. The adder closely misses you.
You miss the adder. You punch the adder.
The adder is severely wounded.
You hit the rat.
You kill the rat!
The adder barely misses you.
Unknown command.
You hit the adder.
You kill the adder!
You have reached level 2!
No target in view!
You start resting.
HP restored.
g - 2 scrolls labelled LIHAG ZIEF (gained 1) 2 gnolls come into view.
There are monsters nearby!
A gnoll comes into view. It is wielding a +1 spear of venom.
The gnoll shouts! x3; You hear an angry hiss.
A gnoll comes into view. It is wielding a +2 whip of freezing.
There are monsters nearby!
The gnoll hits you from afar with a +1 spear of venom.
The gnoll shouts!
You hit the gnoll.
The gnoll is heavily wounded.
The gnoll misses you. The gnoll hits you with a +0 whip!
The gnoll barely misses you. The gnoll attacks as it pursues you!
The gnoll hits you with a +0 whip.
An adder comes into view.
The gnoll attacks as it pursues you! The gnoll barely misses you.
The gnoll attacks as it pursues you! The gnoll hits you with a +0 whip!
* * * LOW HITPOINT WARNING * * *
The gnoll attacks as it pursues you! The gnoll barely misses you.
There is a stone staircase leading down here.
You climb downwards.
The ball python hisses angrily.
There is a stone staircase leading up here.
You are too injured to fight recklessly!
You are too injured to fight recklessly!
The gnoll hits you with a +0 whip.
You die...

#######
#........
+........
#........
#.......
#.#...
###+#@#.#
#....Sg.#
#..>....#
#.......#
#.......#
#...≈.†.#
####≈.~....
#≈$.(#.##
#≈~~...#


You could see a gnoll and a ball python.

Vanquished Creatures
  An adder (D:2)
  A worm (D:5)
  A kobold (D:2)
  2 ball pythons
  A rat (D:2)
6 creatures vanquished.

Notes
Turn   | Place    | Note
-------+----------+-------------------------------------------
     0 | D:5      | Kurtz the Mummy Delver began the quest for the Orb.
     0 | D:5      | Reached XP level 1. HP: 18/18 MP: 1/1
    88 | D:5      | Noticed an iguana
   238 | D:2      | Reached XP level 2. HP: 20/24 MP: 2/2
   278 | D:3      | Slain by a gnoll

Illustrated notes

Levels and vault maps discovered:
D:2:      minmay_general_purpose_star, layout_loops_ring,
          chequers_hall_statues_wall_a
D:3:      wad_crossroads, layout_basic, chequers_serial_rivers_micro_e,
          minmay_crystal_room, hex_intersection
D:4:      layout_loops_ring, minmay_temple_entry_glassed_door
D:5:      layout_gridville, serial_glass, glass_columns_a, glass_columns_a

Skill      XL: |  1 |
---------------+----+-----
Axes           | 2 |  2.5
Fighting       | |  3.0
Dodging        | |  1.5
Stealth        | |  4.1

Action                     || total
---------------------------++-------
  Melee: Hand axe          ||    13
         Punch             ||     1
   Stab: Sleeping          ||     2
 Armour: Leather armour    ||    12
  Dodge: Dodged            ||    10

Table legend: (Time is in decaauts)
 A = Elapsed time spent in this place.
 B = Non-inter-level travel time spent in this place.
 C = Inter-level travel time spent in this place.
 D = Time resting spent in this place.
 E = Time spent auto-exploring this place.
 F = Levels seen in this place.
 G = Mean time per level.
                   A        B        C        D        E       F      G
               +--------+--------+--------+--------+--------+-----+--------+
         Total |    280 |    272 |      8 |     57 |    105 |   4 |   70.0 |
       Dungeon |    280 |    272 |      8 |     57 |    105 |   4 |   70.0 |
               +--------+--------+--------+--------+--------+-----+--------+

Top non-repeatable levels by time:
     D:5: 211 daAuts
     D:2: 48 daAuts
     D:4: 10 daAuts
     D:3: 10 daAuts
